 Dungeon Crawl Stone Soup version 0.19-a0-1933-g052ff51 (webtiles) character file.

9 Kaname the Digger (level 2, 0/19 HPs)
             Began as a Demonspawn Earth Elementalist on Oct 26, 2016.
             Slain by a kobold (1 damage)
             ... on level 1 of the Dungeon.
             The game lasted 00:01:21 (637 turns).

Kaname the Digger (Demonspawn Earth Elementalist)    Turns: 637, Time: 00:01:21

Health: 0/19       AC:  3    Str:  8    XL:     2   Next: 6%
Magic:  5/5        EV: 12    Int: 16    God:
Gold:   0          SH:  0    Dex: 15    Spells: 1 memorised, 4 levels left

rFire  + . .     SeeInvis .     f - -3 short sword (curse)
rCold  x . .     Gourm    .     c - +0 robe
rNeg   . . .     Faith    .     (no shield)
rPois  .         Spirit   .     (no helmet)
rElec  .         Reflect  .     j - +0 cloak
rCorr  .         Harm     .     (no gloves)
MR     .....                    (no boots)
Stlth  ++........               (no amulet)
                                (no ring)
                                i - ring of fire

@: no status effects
A: thin skeletal structure 1
a: no special abilities


You were on level 1 of the Dungeon.
You were not hungry.

You visited 1 branch of the dungeon, and saw 1 of its levels.

Inventory:

Hand Weapons
 f - a cursed -3 short sword (weapon)
Missiles
 b - 25 stones (quivered)
Armour
 c - a +0 robe (worn)
 j - a +0 cloak (worn)
Jewellery
 i - a ring of fire (left hand)
Scrolls
 g - a scroll of teleportation {unknown}
Books
 e - a book of Geomancy

   Spells                             Type                      Level
   a - Sandblast                      Earth                        1
   b - Passwall                       Transmutation/Earth          2
   c - Stone Arrow                    Conjuration/Earth            3
   d - Petrify                        Transmutation/Earth          4
   e - Lee's Rapid Deconstruction     Earth                        5
Comestibles
 a - a meat ration
 d - a bread ration
 h - a beef jerky


   Skills:
 - Level 1.7 Dodging
 - Level 1.7 Stealth
 - Level 2.0 Spellcasting
   Level 0.8 Transmutations
 + Level 3.2 Earth Magic


You had 4 spell levels left.
You knew the following spells:

 Your Spells              Type           Power        Failure   Level  Hunger
a - Sandblast             Erth           ##....       8%          1    #......


Dungeon Overview and Level Annotations

Branches:
Dungeon (1/15)

Altars:


Innate Abilities, Weirdness & Mutations

You have a somewhat thin skeletal structure. (Dex +2, Stealth)


Message History

* * * LOW HITPOINT WARNING * * *
The hobgoblin misses you. The kobold misses you.
The hobgoblin closely misses you. The kobold hits you but does no damage.
The hobgoblin closely misses you. The kobold hits you but does no damage.
The hobgoblin barely misses you. The kobold hits you but does no damage.
The hobgoblin closely misses you. The kobold closely misses you.
The hobgoblin closely misses you. The kobold hits you.
* * * LOW HITPOINT WARNING * * *
The hobgoblin hits you but does no damage.
The kobold misses you. The hobgoblin barely misses you.
The kobold hits you but does no damage. The hobgoblin barely misses you.
The kobold misses you. The hobgoblin barely misses you.
The kobold barely misses you. The hobgoblin barely misses you.
The kobold hits you.
* * * LOW HITPOINT WARNING * * *
The hobgoblin closely misses you. The kobold hits you but does no damage.
The hobgoblin misses you. The kobold hits you.
You die...

.. #....#
#.##...##.# #.
#.##.#.....#######.#
#.##.##.#.#...###
#.#
#.#....#....#.....
#.# #.......#
#...(#. #####.#.#
#......
#...###......
#?......g.#
#####.###@# #...K.#
#..>...........
#.############# #


You could see a hobgoblin and a kobold.

Vanquished Creatures
  2 dart slugs (D:1)
  A giant cockroach (D:1)
  A hobgoblin (D:1)
  A kobold (D:1)
5 creatures vanquished.

Notes
Turn   | Place    | Note
-------+----------+-------------------------------------------
     0 | D:1      | Kaname the Demonspawn Earth Elementalist began the quest for the Orb.
     0 | D:1      | Reached XP level 1. HP: 13/13 MP: 3/3
   186 | D:1      | Reached skill level 3 in Earth Magic
   528 | D:1      | Gained mutation: You have a somewhat thin skeletal structure. (Dex +2, Stealth) [demonic ancestry]
   528 | D:1      | Reached XP level 2. HP: 16/19 MP: 0/5
   637 | D:1      | Slain by a kobold

Vault maps used:
D:1:      nicolae_arrival_memento_mori

Skill      XL: |  1 |
---------------+----+-----
Earth Magic    | 3 |  3.2
Dodging        | |  1.7
Stealth        | |  1.7
Spellcasting   | |  2.0
Transmutations | |  0.8

Action                   || total
-------------------------++-------
Melee: Short sword       ||    14
       Unarmed           ||     6
 Cast: Sandblast         ||     8
  Use: Scroll            ||     1
 Stab: Sleeping          ||     1
Armor: Robe              ||    11
Dodge: Dodged            ||    46
